 Dungeon Crawl Stone Soup version 0.30-a0-772-g5528072125 (webtiles) character file.

Game seed: 16462831366814135793

1559892 ParallaxScroll the Peltast (level 24, 242/242 HPs)
             Began as a Grey Draconian Conjurer on Feb 9, 2023.
             Was the Champion of Ashenzari.
             Escaped with the Orb
             ... and 3 runes on Feb 13, 2023!
             The game lasted 15:43:32 (74389 turns).

ParallaxScroll the Peltast (DrCj)                  Turns: 74389, Time: 15:43:33

Health: 242/242    AC: 25    Str: 12 (13) XL:     24   Next: 82%
Magic:  56/56      EV: 21    Int: 24      God:    Ashenzari [******]
Gold:   3849       SH: 31    Dex: 15      Spells: 13/63 levels left

rFire   + + +      SeeInvis +    a - +8 double sword of Ashenzari's Doubts {flame, Stlth+, Evo, Comp} (curse)
rCold   + . .      Faith    .    E - +8 tower shield "Cursed Augurer" {rF+, Self, Fort} (curse)
rNeg    + . .      Spirit   .    (body armour unavailable)
rPois   .          Reflect  .    g - +0 hat of the Bound Altruism {rElec rF+ MP+9 Str+2, Fort, Self} (curse)
rElec   +          Harm     .    w - +2 cloak of Ashenzari's Paranoia {Will+, Bglg, Self} (curse)
rCorr   .          Rampage  .    t - +1 pair of gloves of Ashenzari's Blue Moon {rF+ rC+, Elem, Melee} (curse)
Will    ++...      Clarity  +    T - +2 pair of boots of Ashenzari's Sun {Fly, Evo, Elem} (curse)
Stlth   ++                       W - amulet of the Circumscribed Omen {RegenMP, Self, Melee} (curse)
HPRegen 0.60/turn                m - ring "Circumscribed Burden" {Wiz, Melee, Comp} (curse)
MPRegen 0.75/turn                r - ring of Ashenzari's Mistrust {rN+, Cun, Evo} (curse)

@: flying, hasted, very quick
A: AC +17, amphibious, unfitting armour, cold-blooded, deterioration 2
0: Orb of Zot
}: 3/15 runes: serpentine, barnacled, abyssal
a: Renounce Religion, Shatter the Chains


You escaped.
You worshipped Ashenzari.
Ashenzari was exalted by your worship.
You visited 11 branches of the dungeon, and saw 48 of its levels.
You visited the Abyss 1 time.
You visited 1 bazaar.
You also visited: Bailey and Ice Cave.

You collected 10866 gold pieces.
You spent 7017 gold pieces at shops.

Inventory:

Hand Weapons
 a - the cursed +8 double sword of Ashenzari's Doubts (weapon) {flame, Stlth+, Evo, Comp}
   (You acquired it on level 1 of the Elven Halls)

   Stlth:     It makes you more stealthy.
   It has a curse which improves the following skills: Evocations: Evocations.
   Companions: Summonings and Necromancy.
Missiles
 b - a javelin
 c - 5 datura-tipped darts
 q - a curare-tipped dart
 K - 6 silver javelins (quivered)
 R - 56 boomerangs
Armour
 g - the cursed +0 hat of the Bound Altruism (worn) {rElec rF+ MP+9 Str+2, Fort, Self}
   (You acquired it on level 1 of the Elven Halls)

   Str:       It affects your strength (+2).
   rF:        It protects you from fire.
   rElec:     It insulates you from electricity.
   MP:        It affects your magic capacity (+9).
   It has a curse which improves the following skills: Fortitude: Shields.
   Introspection: Fighting and Spellcasting.
 t - the cursed +1 pair of gloves of Ashenzari's Blue Moon (worn) {rF+ rC+, Elem, Melee}
   (You acquired it on level 2 of the Shoals)

   rF:        It protects you from fire.
   rC:        It protects you from cold.
   It has a curse which improves the following skills: Elements: Fire Magic, Ice
   Magic, Air Magic and Earth Magic.
   Melee Combat: Short Blades, Long Blades, Axes, Maces & Flails, Polearms,
   Staves and Unarmed Combat.
 w - the cursed +2 cloak of Ashenzari's Paranoia (worn) {Will+, Bglg, Self}
   (You found it on level 3 of the Dungeon)

   It has a curse which improves the following skills: Beguiling: Conjurations,
   Hexes and Translocations.
   Introspection: Fighting and Spellcasting.
 E - the cursed +8 tower shield "Cursed Augurer" (worn) {rF+, Self, Fort}
   (You took it off a naga warrior on level 3 of the Snake Pit)

   It has a curse which improves the following skills: Introspection: Fighting
   and Spellcasting.
   Fortitude: Shields.
 T - the cursed +2 pair of boots of Ashenzari's Sun (worn) {Fly, Evo, Elem}
   (You found it in a bailey)

   It has a curse which improves the following skills: Evocations: Evocations.
   Elements:  Fire Magic, Ice Magic, Air Magic and Earth Magic.
Jewellery
 m - the cursed ring "Circumscribed Burden" (left hand) {Wiz, Melee, Comp}
   (You found it on level 1 of the Dungeon)

   [ring of wizardry]

   It improves your spell success rate.
   It has a curse which improves the following skills: Melee Combat: Short
   Blades, Long Blades, Axes, Maces & Flails, Polearms, Staves and Unarmed
   Combat.
   Companions: Summonings and Necromancy.
 r - the cursed ring of Ashenzari's Mistrust (right hand) {rN+, Cun, Evo}
   (You took it off a merfolk on level 4 of the Shoals)

   [ring of positive energy]

   rN:        It protects you from negative energy.
   It has a curse which improves the following skills: Cunning: Dodging and
   Stealth.
   Evocations: Evocations.
 x - a ring of protection from cold
 I - a ring of willpower
 W - the cursed amulet of the Circumscribed Omen (around neck) {RegenMP, Self, Melee}
   (You found it on level 8 of the Dungeon)

   [amulet of magic regeneration]

   It increases your rate of magic regeneration.
   It has a curse which improves the following skills: Introspection: Fighting
   and Spellcasting.
   Melee Combat: Short Blades, Long Blades, Axes, Maces & Flails, Polearms,
   Staves and Unarmed Combat.
Wands
 h - a wand of polymorph (18)
 z - a wand of roots (55)
 J - a wand of mindburst (27)
 Q - a wand of acid (5)
 X - a wand of digging (31)
 Y - a wand of charming (34)
Scrolls
 e - 10 scrolls of poison
 k - 10 scrolls of fear
 p - 12 scrolls of immolation
 y - 5 scrolls of vulnerability
 B - 22 scrolls of teleportation
 F - 4 scrolls of silence
 H - 2 scrolls of magic mapping
 L - 8 scrolls of blinking
 U - 8 scrolls of fog
 Z - 3 scrolls of amnesia
Potions
 d - 7 potions of magic
 f - 13 potions of ambrosia
 j - 3 potions of brilliance
 l - 4 potions of lignification
 n - 5 potions of invisibility
 o - 10 potions of flight
 s - 3 potions of cancellation
 u - 22 potions of curing
 v - 5 potions of haste
 A - 5 potions of attraction
 C - 4 potions of might
 D - 4 potions of heal wounds
 N - 5 potions of berserk rage
 O - 3 potions of resistance
 V - 8 potions of mutation
Miscellaneous
 i - a condenser vane
 G - a lightning rod (4/4)
 M - a box of beasts
 P - a phial of floods
 S - a phantom mirror (inert)


   Skills:
 + Level 19.1(25.0) Fighting
 - Level 4.4(12.4) Short Blades
 - Level 13.3(18.6) Long Blades
 - Level 3.0 Ranged Weapons
 - Level 7.0 Throwing
 - Level 15.8(18.3) Dodging
 - Level 4.0(6.4) Stealth
 - Level 20.4(24.0) Shields
 - Level 13.8(20.0) Spellcasting
 - Level 9.3(12.0) Conjurations
 - Level 5.7(8.3) Hexes
 - Level 2.6(5.7) Summonings
 - Level 9.0(12.9) Necromancy
 - Level 1.4(3.1) Translocations
 - Level 7.0 Transmutations
 - Level 15.8(19.6) Ice Magic
 - Level 5.4(9.2) Air Magic
 - Level 9.0(12.9) Earth Magic
 - Level 2.0 Poison Magic
 - Level 12.9(18.0) Evocations


You had 13 spell levels left.
You knew the following spells:

 Your Spells              Type           Power      Damage    Failure   Level
a - Magic Dart            Conj           100%       1d8       0%          1
b - Searing Ray           Conj           100%       2d8       1%          2
c - Borgnjor's Vile Clut  Necr/Erth      36%        N/A       1%          5
d - Fulminant Prism       Conj/Hex       32%        3d15      1%          4
e - Frozen Ramparts       Ice            100%       1d16      0%          3
f - Ozocubu's Refrigerat  Ice            43%        4d17      1%          7
g - Freezing Cloud        Conj/Ice/Air   37%        6-21      1%          5
h - Summon Ice Beast      Ice/Summ       71%        N/A       1%          4
i - Tukima's Dance        Hex            59%        N/A       1%          3
j - Simulacrum            Ice/Necr       40%        N/A       1%          6
k - Yara's Violent Unrav  Hex/Tmut       28%        3d12      1%          5
l - Blink                 Tloc           78%        N/A       1%          2
m - Ozocubu's Armour      Ice            87%        N/A       0%          3

Your spell library contained the following spells:

 Spells                   Type           Power      Damage    Failure   Level
 Freeze                   Ice            100%       1d10      0%          1
 Kiss of Death            Conj/Necr      100%       2d13      0%          1
 Necrotise                Necr           100%       1d9       0%          1
 Ensorcelled Hibernation  Hex/Ice        100%       N/A       0%          2
 Sublimation of Blood     Necr           72%        N/A       0%          2
 Hailstorm                Conj/Ice       79%        3d16      0%          3
 Apportation              Tloc           78%        N/A       1%          1
 Beastly Appendage        Tmut           100%       N/A       1%          1
 Summon Small Mammal      Summ           100%       N/A       1%          1
 Call Imp                 Summ           51%        N/A       1%          2
 Cigotuvi's Dreadful Rot  Necr/Pois/Air  100%       N/A       1%          2
 Lesser Beckoning         Tloc           78%        N/A       1%          2
 Momentum Strike          Conj/Tloc      100%       3d10      1%          2
 Passwall                 Tmut/Erth      53%        N/A       1%          2
 Poisonous Vapours        Pois/Air       100%       N/A       1%          2
 Static Discharge         Conj/Air       100%       2-7/arc   1%          2
 Wereblood                Tmut           55%        N/A       1%          2
 Call Canine Familiar     Summ           51%        N/A       1%          3
 Confusing Touch          Hex            59%        N/A       1%          3
 Dazzling Flash           Conj/Hex       100%       N/A       1%          3
 Gell's Gravitas          Tloc           39%        N/A       1%          3
 Ignite Poison            Fire/Tmut/Pois 39%        N/A       1%          3
 Inner Flame              Hex/Fire       45%        N/A       1%          3
 Kindle Blastsparks       Fire/Tloc/Air  88%        2d17      1%          3
 Mephitic Cloud           Conj/Pois/Air  57%        N/A       1%          3
 Portal Projectile        Hex/Tloc       100%       N/A       1%          3
 Spider Form              Tmut/Pois      45%        N/A       1%          3
 Stone Arrow              Conj/Erth      100%       3d13      1%          3
 Summon Guardian Golem    Hex/Summ       55%        N/A       1%          3
 Swiftness                Air            62%        N/A       1%          3
 Teleport Other           Tloc           39%        N/A       1%          3
 Vampiric Draining        Necr           72%        2d11      1%          3
 Vhi's Electric Charge    Tloc/Air       100%       N/A       1%          3
 Airstrike                Air            31%        2d(5-21)  1%          4
 Animate Dead             Necr           72%        N/A       1%          4
 Dispel Undead            Necr           72%        3d24      1%          4
 Flame Wave               Conj/Fire      52%        2d13      1%          4
 Ice Form                 Ice/Tmut       73%        N/A       1%          4
 Iskenderun's Mystic Bla  Conj/Tloc      57%        2d12      1%          4
 Leda's Liquefaction      Hex/Erth       33%        N/A       1%          4
 Sticky Flame             Conj/Fire      52%        2d7       1%          4
 Summon Lightning Spire   Summ/Air       56%        N/A       1%          4
 Agony                    Necr           72%        N/A       1%          5
 Arcjolt                  Conj/Air       33%        1d43      1%          5
 Blade Hands              Tmut           27%        N/A       1%          5
 Iskenderun's Battlesphe  Conj           69%        2d12      1%          5
 Lee's Rapid Deconstruct  Erth           36%        3d18*     1%          5
 Lightning Bolt           Conj/Air       33%        1d50      1%          5
 Metabolic Englaciation   Hex/Ice        37%        N/A       1%          5
 Silence                  Hex/Air        30%        N/A       1%          5
 Summon Mana Viper        Hex/Summ       55%        N/A       1%          5
 Death Channel            Necr           36%        N/A       1%          6
 Manifold Assault         Tloc           39%        N/A       2%          4
 Passage of Golubria      Tloc           39%        N/A       2%          4
 Fireball                 Conj/Fire      26%        3d12      2%          5
 Statue Form              Tmut/Erth      42%        N/A       2%          6
 Alistair's Intoxication  Tmut/Pois      30%        N/A       4%          5
 Summon Forest            Summ/Tloc      22%        N/A       4%          5
 Starburst                Conj/Fire      26%        6d8       12%         6
 Summon Cactus Giant      Summ           25%        N/A       16%         6
 Haunt                    Necr/Summ      31%        N/A       19%         7
 Storm Form               Tmut/Air       29%        N/A       30%         7
 Lehudib's Crystal Spear  Conj/Erth      35%        10d9      36%         8
 Dispersal                Tloc           19%        N/A       38%         6
 Summon Hydra             Summ           25%        N/A       58%         7
 Malign Gateway           Summ/Tloc      22%        N/A       77%         7
 Maxwell's Capacitive Co  Air            31%        ∞         80%         8
 Shatter                  Erth           36%        3d29*     99%         9
 Chain Lightning          Conj/Air       33%        3d44      100%        9
 Fire Storm               Conj/Fire      26%        8d7       100%        9
 Animate Armour           Summ/Erth      Unusable   N/A       N/A         4

Dungeon Overview and Level Annotations

Branches:
Dungeon (15/15)            Temple (1/1) D:5            Lair (5/5) D:10
 Shoals (4/4) Lair:2        Snake (4/4) Lair:3        Slime (0/5) Lair:4
    Orc (2/2) D:11            Elf (3/3) Orc:2        Vaults (4/5) D:14
  Crypt (1/3) Vaults:3     Depths (4/4) D:15            Zot (5/5) Depths:4
 Bailey (visited)           IceCv (visited)

Altars:
Ashenzari
Dithmenos
Fedhas
Kikubaaqudgha
Nemelex Xobeh
Okawaru
Ru
Trog
Vehumet
Wu Jian
Xom
Zin
The Shining One
Jiyva

Shops:
D:6 *   D:14 =([(   D:15 [   Orc:2 =(?([   Elf:1 *(   Elf:2 [   Snake:2 [:!:
Depths:1 (([[   Depths:3 !

Portals:
Hell: Depths:1 Depths:2 Depths:3 Depths:4
Abyss: Depths:2 Depths:3
Pandemonium: Depths:2
Ziggurat: Depths:1

Annotations:
D:9 exclusion: upstairs
D:10 exclusion: upstairs
D:12 exclusion: upstairs
D:15 exclusion: upstairs
Elf:2 3 runed translucent doors
Vaults:1 3 runed translucent doors, Konionua's ghost, adept KoEn
Depths:3 exclusion: upstairs
Depths:4 exclusion: upstairs


Innate Abilities, Weirdness & Mutations

Your dull iron-grey scales are very hard. (AC +17)
You are amphibious.
You cannot fit into any form of body armour.
You are cold-blooded and may be slowed by cold attacks.
Your body often deteriorates upon taking damage.


Message History

A rust devil comes into view.
Blink to where?
Press: ? - help, Dir - move target
As you read the scroll of blinking, it crumbles to dust.
The rust devil moves out of view.
There is a stone staircase leading up here.
You fly upwards.
There is a stone staircase leading down here.
(D) Dungeon (T) Temple (L) Lair (A) Shoals (P) Snake Pit (M) Slime Pits (O) Orcish Mines (E) Elven Halls (V) Vaults (C) Crypt (U) Depths (H) Hell (Z) Zot
Where to? (Enter - D:3 @ (x,y), ? - help)
What level of the Dungeon? (default 1, ? - help)
There is a stone staircase leading down here.
A Hell Sentinel comes into view.
Blink to where?
Press: ? - help, Dir - move target
As you read the scroll of blinking, it crumbles to dust.
You fly upwards.
There is a stone staircase leading down here.
Aiming: Dig
Press: ? - help, Shift-Dir - straight line A rock wall.
This square is covered in magical glow.
The rock shatters into small pieces.
You feel yourself speed up.
Aiming: Dig
Press: ? - help, Shift-Dir - straight line A rock wall.
This square is covered in magical glow.
The rock shatters into small pieces.
Aiming: Dig
Press: ? - help, Shift-Dir - straight line This square is covered in magical glow.
The rock shatters into small pieces.
A hell beast comes into view.
The hell beast moves out of view.
There is a staircase leading out of the dungeon here.
You have escaped!

#.# #...............# ##..
#.# #...#.#...###.^.# #..
#.######.###.#### ########
##.
#.##..#...###..2###...#..#
#.
#.##.##...............##.#
#.
###....##...###2..###...##.#
#> .#####.###### #.###
##.###.# #. .###
#..#...###...###...##.# #.
...#
####.......@.......##.#####.
...#
#...###...###...#......).
...#######'##
#.##########.######
......##...####.# #.# #.#
................# #.# #.#
......##..####..# #.# ##.#
...#####..# #..###.#####..#
...# #..# #............##
...# #..# #..###.#####.#


You could see a hell beast.

Vanquished Creatures
  2 dread liches (Zot:5)
  An ancient lich (Abyss:3)
  3 orbs of fire (Zot:5)
  Vv (Depths:4)
  A Killer Klown (Zot:5)
  Vashnia (Snake:4)
  A curse toe (Zot:5)
  2 golden dragons
  A bone dragon (Abyss:3)
  2 doom hounds (Depths:4)
  A walking crystal tome (Depths:2)
  7 Orb Guardians
  2 tentacled monstrosities
  3 electric golems (Zot:5)
  An Ice Fiend (Zot:5)
  A deep elf blademaster (Elf:3)
  A lich (Depths:2)
  2 titans
  A deep elf master archer (Elf:3)
  4 quicksilver dragons
  2 Executioners
  4 death cobs
  A sphinx (Vaults:2)
  3 tentacled starspawn (Abyss:3)
  A shadow dragon (Zot:5)
  A revenant (Vaults:3)
  5 storm dragons
  3 fire giants
  3 draconian monks
  3 nagarajas
  6 frost giants
  2 deep elf sorcerers (Elf:3)
  2 ghost moths (Zot:5)
  2 draconian shifters
  A vault warden (Vaults:2)
  A balrug (Depths:4)
  Louise (Shoals:4)
  3 draconian scorchers
  2 deep elf elementalists (Elf:3)
  A spriggan defender (Depths:4)
  An orc warlord (Vaults:2)
  2 draconian annihilators
  3 ironbound thunderhulks
  5 ironbound preservers
  9 very ugly things
  3 green draconians
  4 vampire knights
  A demonspawn blood saint (Depths:4)
  5 stone giants
  3 purple draconians
  A lorocyproca (Zot:1)
  6 deep elf demonologists
  5 black draconians
  2 deep elf annihilators (Elf:3)
  3 white draconians
  A red draconian (Zot:2)
  5 yellow draconians
  A dire elephant (Vaults:2)
  2 pale draconians (Depths:4)
  An eidolon (Crypt:1)
  5 ettins
  3 merfolk javelineers (Shoals:4)
  2 blizzard demons
  6 deep elf death magi (Elf:3)
  The ghost of TheSexyCheese the Grappler, a journeyman TrFi of the Shining One (Lair:3)
  10 yaktaur captains
  4 merfolk impalers
  An entropy weaver (Vaults:1)
  3 great orbs of eyes
  2 hell beasts
  2 deep elf high priests (Elf:3)
  6 ice dragons
  6 rakshasas
  2 hydras
  9 fire dragons
  2 merfolk avatars (Shoals:4)
  2 spriggan air magi
  6 salamander tyrants
  2 ogre magi
  9 centaur warriors
  A peacekeeper (Vaults:2)
  9 ironbound frosthearts
  8 anacondas
  4 deep troll shamans
  6 merfolk aquamancers
  22 dancing weapons
  7 death yaks (Lair:5)
  4 boulder beetles
  2 death knights
  5 vampire magi
  12 naga warriors
  5 two-headed ogres
  2 tengu warriors (Depths:2)
  A thrashing horror (Abyss:3)
  6 deep troll earth magi
  4 spriggan berserkers
  20 deep elf knights
  An orc high priest (Elf:1)
  11 hell knights
  16 naga sharpshooters
  4 shock serpents
  6 wretched stars
  4 sun demons
  8 salamander mystics
  A titan skeleton (Depths:2)
  4 iron trolls
  8 skeletal warriors
  2 shadow wraiths (Abyss:3)
  2 sixfirhies
  27 deep trolls
  A quicksilver dragon simulacrum (Depths:3)
  A spark wasp zombie (Depths:2)
  2 skysharks (Shoals:2)
  9 sea snakes
  2 naga ritualists
  6 ironbound convokers
  An orange crystal statue (IceCv)
  12 deep elf archers
  3 swamp dragons (Depths:4)
  4 glowing orange brains
  5 wizards
  2 orc knights (D:15)
  8 harpies
  2 obsidian statues (D:12)
  6 necromancers
  A sphinx zombie (Vaults:2)
  A mana viper (shapeshifter) (D:14)
  4 phantasmal warriors
  27 deep elf zephyrmancers
  32 deep elf pyromancers
  10 orc sorcerers
  A golden dragon skeleton (Depths:2)
  42 ugly things
  A tengu skeleton (Depths:3)
  8 mana vipers
  2 oklob plants (Lair:4)
  5 manticores
  An iron dragon skeleton (Depths:2)
  6 fauns
  3 cyclopes
  4 moths of wrath
  A toenail golem (Zot:4)
  5 merfolk sirens
  Joseph (D:7)
  6 naga magi
  21 black mambas
  A frost giant skeleton (Vaults:2)
  A guardian serpent (shapeshifter) (D:15)
  9 vault sentinels
  A water nymph (shapeshifter) (Elf:3)
  A rust devil (Abyss:2)
  A molten gargoyle (Lair:5)
  27 salamanders
  2 elephants (Lair:3)
  4 water nymphs (Shoals:4)
  3 guardian serpents
  An eye of devastation (Abyss:2)
  5 cane toads
  3 smoke demons
  An orange demon (D:9)
  A gargoyle (D:14)
  An apocalypse crab (Abyss:3)
  5 unseen horrors
  18 rime drakes
  4 freezing wraiths
  A kobold demonologist (D:12)
  14 yaktaurs
  11 komodo dragons
  5 tengu conjurers
  10 merfolk
  A queen bee (Lair:1)
  5 harpy zombies
  3 meliai (D:13)
  An ancient zyme (Abyss:2)
  6 trolls
  14 polar bears
  5 wind drakes
  A tengu simulacrum (Vaults:2)
  A polar bear (shapeshifter) (D:14)
  5 raiju (Abyss:3)
  A hornet (D:12)
  4 dream sheep (Shoals:4)
  8 snapping turtles
  12 blink frogs
  27 slime creatures
  7 air elementals
  Sigmund (D:4)
  2 vampires
  2 ynoxinuls
  21 water elementals
  11 starcursed masses (Abyss:3)
  2 fire elementals (Elf:2)
  5 neqoxecs (Abyss:3)
  24 yaks
  4 wraiths
  7 wyverns
  3 hogs (Snake:4)
  3 fire bats (Lair:3)
  6 golden eyes (Abyss:3)
  7 basilisks
  15 large abominations
  5 chaos spawn
  5 steam dragons
  12 vampire mosquitoes
  30 nagas
  8 wargs
  4 hell hounds (Lair:5)
  An acid dragon (D:11)
  17 small abominations
  16 water moccasins
  A floating eye (Depths:3)
  2 black bears (D:10)
  A swamp drake (D:9)
  22 orc warriors
  7 ogres
  3 ice beasts
  2 manticore zombies (Shoals:1)
  3 wolves (Lair:3)
  16 centaurs
  A phantom (D:4)
  Blork the orc (D:9)
  3 kobold brigands
  12 bullfrogs
  2 necrophages (D:5)
  2 earth elementals
  4 scorpions
  A warg skeleton (Crypt:1)
  28 killer bees
  3 howler monkeys
  A polar bear skeleton (Crypt:1)
  A crimson imp (D:9)
  4 lava snakes (Lair:5)
  4 hounds
  A jelly (D:5)
  2 quasits
  10 orc priests
  3 iron imps
  12 hell rats
  3 iguanas
  42 orc wizards
  11 gnolls
  13 adders
  2 shadow imps
  4 white imps
  An ufetubus (D:4)
  3 worms
  3 dart slugs
  85 orcs
  4 ball pythons
  A bat zombie (Shoals:1)
  12 endoplasms
  5 giant cockroaches
  11 goblins
  4 hobgoblins
  5 jackals (D:1)
  22 kobolds
  2 quokkas (D:1)
  4 bats
  3 frilled lizards
  A frilled lizard (shapeshifter) (Depths:2)
  11 rats
  4 starspawn tentacles (Abyss:3)
1539 creatures vanquished.

Vanquished Creatures (collateral kills)
  A curse toe (Zot:5)
  A caustic shrike (Depths:2)
  2 golden dragons (Zot:5)
  Nikola (Shoals:4)
  An electric golem (Zot:5)
  Zenata (Vaults:4)
  17 Orb Guardians (Zot:5)
  Jorgrun (Orc:2)
  Asterion (Vaults:2)
  A tentacled monstrosity (Zot:5)
  A deep elf blademaster (Elf:3)
  Grunn (Depths:4)
  A deep elf master archer (Elf:3)
  A titan (Shoals:1)
  A sphinx (Depths:3)
  2 tentacled starspawn
  A kraken (Shoals:1)
  Kirke (Snake:4)
  A storm dragon (Zot:2)
  A tengu reaver (Vaults:2)
  Roxanne (Snake:4)
  Donald (Vaults:1)
  A draconian scorcher (Depths:4)
  A vault warden (Vaults:4)
  2 frost giants
  2 fire giants
  2 deep elf sorcerers
  8 ironbound preservers
  18 very ugly things
  A war gargoyle (Vaults:2)
  2 spriggan defenders
  2 draconian annihilators
  8 stone giants
  2 green draconians
  4 black draconians
  A vampire knight (Depths:1)
  3 purple draconians
  3 white draconians
  A spark wasp (Depths:2)
  3 dire elephants (Vaults:2)
  2 red draconians (Zot:5)
  3 yellow draconians (Zot:5)
  2 deep elf annihilators (Elf:3)
  4 deep elf death magi (Elf:3)
  4 ettins
  2 fire dragons
  6 merfolk impalers
  A merfolk javelineer (Shoals:3)
  A green death (Depths:2)
  7 slime creatures
  7 yaktaur captains
  2 deep elf high priests
  4 great orbs of eyes
  A vault guard (Vaults:4)
  3 ice dragons
  A peacekeeper (Vaults:1)
  5 ironbound frosthearts
  8 merfolk aquamancers
  A merfolk avatar (Shoals:2)
  A satyr (Shoals:2)
  An anaconda (Snake:4)
  8 centaur warriors
  2 dancing weapons
  A tengu warrior (Depths:2)
  2 naga warriors
  A two-headed ogre (D:15)
  A vampire mage (Depths:2)
  3 naga sharpshooters
  3 spriggan berserkers
  A deep troll shaman (Depths:4)
  4 deep troll earth magi
  11 hell knights
  2 shock serpents (Snake:1)
  A spriggan (Depths:4)
  3 deep elf knights
  A wretched star (Abyss:1)
  A skeletal warrior (D:14)
  6 iron trolls
  2 salamander mystics (Snake:4)
  2 sixfirhies
  A skyshark (Shoals:2)
  7 sea snakes
  2 deep elf archers
  3 glowing orange brains
  A naga ritualist (Snake:4)
  A swamp dragon (shapeshifter) (Depths:3)
  4 orc knights
  23 deep trolls
  A tengu zombie (Depths:2)
  A flayed ghost (Depths:2)
  2 wizards
  An ironbound convoker (Vaults:4)
  A lindwurm (Lair:5)
  A shadow dragon zombie (Depths:3)
  17 ugly things
  7 necromancers
  11 deep elf zephyrmancers
  5 deep elf pyromancers
  10 harpies
  3 salamanders
  A faun (Shoals:2)
  An orc sorcerer (Orc:2)
  8 naga magi
  2 elephants (Lair:3)
  A manticore (Shoals:2)
  2 guardian serpents (Snake:1)
  5 vault sentinels
  2 black mambas
  2 merfolk sirens
  A guardian serpent (shapeshifter) (Vaults:3)
  3 water nymphs
  2 molten gargoyles (Lair:5)
  A cane toad (Lair:4)
  3 komodo dragons
  5 rime drakes (IceCv)
  9 yaktaurs
  An ancient zyme (Abyss:1)
  2 trolls
  2 polar bears (IceCv)
  A harpy zombie (Shoals:1)
  11 merfolk
  10 wind drakes
  A hornet (Depths:4)
  4 raiju (Abyss:3)
  6 snapping turtles
  A fire giant simulacrum (Depths:3)
  12 water elementals
  A spriggan (shapeshifter) (Elf:1)
  10 air elementals
  2 yaks
  4 hogs (Snake:4)
  A basilisk (D:14)
  A vampire mosquito (D:14)
  A steam dragon (Depths:4)
  A small abomination (Abyss:1)
  A redback (Vaults:1)
  2 chaos spawn (Abyss:3)
  5 large abominations
  15 nagas
  A hell hound (Lair:5)
  2 water moccasins
  An orc warrior (Elf:1)
  A boggart (Vaults:1)
  2 ogres (D:14)
  A wolf (Lair:3)
  A lava snake (Lair:5)
  4 starcursed masses (Abyss:3)
  2 orc priests
  An iron imp (Abyss:1)
  3 orc wizards
  4 hell rats
  14 orcs
  A kobold (D:12)
  A fungus (Elf:3)
  3 plants (Shoals:3)
  A starspawn tentacle (Abyss:3)
513 creatures vanquished.

Vanquished Creatures (others)
  A red draconian (Zot:5)
  A deep elf knight (Elf:2)
  A deep elf archer (Elf:3)
  A deep elf zephyrmancer (Elf:3)
  2 orcs (D:9)
  49 fulminant prisms
  62 fungi
  A lurking horror (Abyss:3)
  171 plants
  12 starspawn tentacles
  4 tentacles (Shoals:1)
305 creatures vanquished.

Grand Total: 2357 creatures vanquished

Notes
Turn   | Place    | Note
-------+----------+-------------------------------------------
     0 | D:1      | ParallaxScroll the Draconian Conjurer began the quest for
                  | the Orb.
     0 | D:1      | Reached XP level 1. HP: 14/14 MP: 3/3
   188 | D:1      | Reached XP level 2. HP: 16/20 MP: 1/5
   199 | D:1      | Learned a level 2 spell: Searing Ray
   818 | D:1      | Reached skill level 5 in Conjurations
   887 | D:1      | Reached XP level 3. HP: 26/26 MP: 3/6
  1548 | D:2      | Reached skill level 1 in Fighting
  1548 | D:2      | Reached skill level 1 in Long Blades
  1734 | D:2      | Reached XP level 4. HP: 36/36 MP: 2/7
  1738 | D:2      | Learned a level 3 spell: Dazzling Flash
  1975 | D:2      | Reached skill level 1 in Hexes
  2808 | D:2      | Reached XP level 5. HP: 45/45 MP: 5/8
  3741 | D:3      | Found a broken altar of Ashenzari.
  3806 | D:3      | Became a worshipper of Ashenzari the Shackled
  3852 | D:3      | Found an ancient bone altar of Kikubaaqudgha.
  4136 | D:3      | Found a radiant altar of Vehumet.
  4272 | D:4      | Noticed a phantom
  4291 | D:4      | Killed a phantom
  4292 | D:4      | Reached XP level 6. HP: 42/51 MP: 3/9
  4531 | D:4      | Learned a level 4 spell: Fulminant Prism
  4558 | D:4      | Noticed Sigmund
  5079 | D:4      | Reached skill level 1 in Ice Magic
  5227 | D:4      | Killed Sigmund
  5228 | D:4      | Your scales start taking on a dull iron-grey colour.
  5228 | D:4      | Reached XP level 7. HP: 57/57 MP: 3/12
  5232 | D:4      | Learned a level 3 spell: Frozen Ramparts
  5480 | D:5      | Entered Level 5 of the Dungeon
  5599 | D:5      | Reached skill level 1 in Evocations
  5727 | D:5      | Found a staircase to the Ecumenical Temple.
  5766 | Temple   | Entered the Ecumenical Temple
  5839 | D:5      | Reached skill level 5 in Hexes
  5908 | D:5      | Reached XP level 8. HP: 62/63 MP: 2/13
  6687 | D:6      | Found Yttoz's Overcharged Wands.
  7055 | D:6      | Reached skill level 5 in Fighting
  7210 | D:6      | Reached * piety under Ashenzari
  7649 | D:7      | Found a glowing silver altar of Zin.
  7865 | D:7      | Reached skill level 1 in Ranged Weapons
  7868 | D:7      | Noticed Joseph
  7999 | D:7      | Reached ** piety under Ashenzari
  8083 | D:7      | Reached XP level 9. HP: 81/81 MP: 10/18
  8412 | D:7      | Killed Joseph
  9091 | D:8      | Reached *** piety under Ashenzari
  9169 | D:8      | Noticed a two-headed ogre
  9176 | D:8      | Killed a two-headed ogre
  9177 | D:8      | Reached skill level 5 in Evocations
  9285 | D:8      | Found a flagged portal.
  9400 | Bailey   | Entered a bailey
  9913 | Bailey   | Reached skill level 5 in Ice Magic
  9992 | Bailey   | Reached skill level 1 in Air Magic
 10097 | Bailey   | Learned a level 3 spell: Mephitic Cloud
 10469 | D:8      | Found a sacrificial altar of Ru.
 10472 | D:8      | Found a blossoming altar of Fedhas.
 10472 | D:8      | Found an iron altar of Okawaru.
 10495 | D:8      | Found a sparkling altar of Nemelex Xobeh.
 10581 | D:8      | Reached skill level 1 in Poison Magic
 10581 | D:8      | Reached XP level 10. HP: 67/95 MP: 6/19
 10893 | D:8      | Learned a level 5 spell: Freezing Cloud
 11242 | D:6      | Bought a wand of mindburst (30) for 630 gold pieces
 11566 | D:9      | Noticed Blork the orc
 11568 | D:9      | Killed Blork the orc
 11673 | D:9      | Noticed a deep elf pyromancer
 11706 | D:9      | Noticed a deep elf zephyrmancer
 12187 | D:10     | Entered Level 10 of the Dungeon
 12617 | D:10     | Reached XP level 11. HP: 101/101 MP: 6/20
 12652 | D:10     | Reached skill level 5 in Air Magic
 12740 | D:10     | Found a staircase to the Lair.
 12865 | D:10     | Found an ornate altar of the Wu Jian Council.
 12902 | D:10     | Noticed a centaur warrior
 13022 | D:10     | Identified the +10 dagger of Midsummer {flame, rPois}
 13054 | D:10     | Noticed a two-headed ogre
 13059 | D:10     | Killed a two-headed ogre
 13156 | Lair:1   | Entered Level 1 of the Lair of Beasts
 13365 | Lair:1   | Reached skill level 1 in Short Blades
 13477 | Lair:1   | Reached skill level 1 in Throwing
 13550 | Lair:1   | Reached skill level 5 in Dodging
 13771 | Lair:1   | Reached skill level 1 in Summonings
 14048 | Lair:1   | Learned a level 4 spell: Summon Ice Beast
 14206 | Lair:2   | Noticed a four-headed hydra
 14212 | Lair:2   | Killed a four-headed hydra
 14240 | Lair:2   | Identified the +8 long sword "Jellybane" {spect, *Rage
                  | Str+2 Int+6 Stlth+}
 14455 | Lair:2   | Reached XP level 12. HP: 110/110 MP: 21/24
 15920 | Lair:3   | Found a staircase to the Snake Pit.
 16116 | Lair:3   | Found a runed translucent gate.
 16116 | Lair:3   | Found a runed translucent gate.
 16117 | Lair:3   | Found a runed translucent gate.
 16119 | Lair:3   | Noticed TheSexyCheese's ghost (journeyman TrFi)
 16700 | Lair:4   | Reached skill level 5 in Long Blades
 17114 | Lair:4   | Found a viscous altar of Jiyva.
 17651 | Lair:5   | Entered Level 5 of the Lair of Beasts
 17696 | Lair:5   | Reached skill level 10 in Fighting
 17696 | Lair:5   | Reached XP level 13. HP: 122/122 MP: 25/25
 17965 | Lair:4   | Found a staircase to the Slime Pits.
 18525 | D:11     | Learned a level 3 spell: Tukima's Dance
 19047 | D:11     | Found a staircase to the Orcish Mines.
 19240 | D:6      | Bought a wand of digging (11) for 693 gold pieces
 19518 | D:12     | Reached XP level 14. HP: 113/129 MP: 23/26
 20280 | Orc:1    | Entered Level 1 of the Orcish Mines
 20957 | Orc:2    | Entered Level 2 of the Orcish Mines
 21194 | Orc:2    | Noticed Jorgrun
 21707 | D:13     | Reached skill level 10 in Long Blades
 21994 | D:13     | Identified the Anthology of Pyromania
 23019 | D:14     | Found Toplenerch's Antique Weapon Shoppe.
 23354 | D:14     | Found Hystreg's Armour Shop.
 23355 | D:14     | Found Wiptos's Weapon Shop.
 23393 | D:14     | Found Heveiheo's Jewellery Boutique.
 23897 | D:14     | Found a gate to the Vaults.
 24227 | D:14     | Found a hide-covered altar of Uskayaw.
 24235 | D:14     | Found a shimmering altar of Xom.
 24235 | D:14     | Found a shimmering altar of Xom.
 24501 | D:14     | Found a shadowy altar of Dithmenos.
 24501 | D:14     | Found a bloodstained altar of Trog.
 24501 | D:14     | Found a sacrificial altar of Ru.
 24550 | D:15     | Entered Level 15 of the Dungeon
 24562 | D:15     | Found Boghiall's Armour Shoppe.
 24744 | D:15     | Reached XP level 15. HP: 125/141 MP: 14/27
 24861 | D:15     | Found a staircase to the Depths.
 25189 | D:15     | Reached skill level 10 in Dodging
 25901 | Snake:1  | Entered Level 1 of the Snake Pit
 26551 | Lair:3   | Upgraded the game from 0.30-a0-757-ga6a79fd877 to
                  | 0.30-a0-760-g5a9884bb7c
 27175 | D:12     | Reached skill level 5 in Spellcasting
 27301 | Lair:2   | Found a staircase to the Shoals.
 27417 | Lair:3   | Killed TheSexyCheese's ghost
 27418 | Lair:3   | Reached skill level 1 in Necromancy
 28326 | Lair:5   | Reached **** piety under Ashenzari
 28455 | Lair:5   | Learned a level 6 spell: Simulacrum
 28601 | Lair:5   | Reached skill level 5 in Necromancy
 28653 | Lair:5   | Found a large runed translucent door.
 28653 | Lair:5   | Found a large runed translucent door.
 29503 | Snake:1  | Reached XP level 16. HP: 121/152 MP: 10/30
 30339 | Snake:2  | Identified the +1 mace of Ogheramo {heavy, Fragile rC++
                  | Dex+5}
 31007 | D:14     | Bought a ring of willpower for 325 gold pieces
 31187 | Orc:2    | Reached skill level 1 in Shields
 31617 | Orc:2    | Found a staircase to the Elven Halls.
 31653 | Orc:2    | Reached skill level 2 in Shields
 31761 | Orc:2    | Found Ybruh's Weapon Shop.
 31761 | Orc:2    | Found Wojent's Armour Shoppe.
 31818 | Orc:2    | Found Nurus's Magic Scroll Shoppe.
 31858 | Orc:2    | Found Ulisie's Weapon Shop.
 31975 | Orc:2    | Found Ixageck's Jewellery Boutique.
 32130 | Orc:2    | Killed Jorgrun
 32131 | Orc:2    | Reached skill level 3 in Shields
 32571 | Snake:2  | Reached skill level 4 in Shields
 32753 | Snake:2  | Reached skill level 5 in Shields
 33159 | Snake:2  | Found Ygaick's Antique Armour Boutique.
 33169 | Snake:2  | Reached skill level 6 in Shields
 33169 | Snake:2  | Found Asaak's Distillery.
 33169 | Snake:2  | Found Zoacoat's Book Boutique.
 33227 | Snake:2  | Found Leyl's Book Shop.
 33239 | Snake:2  | Bought a book of Unlife for 648 gold pieces
 33248 | Snake:2  | Learned a level 5 spell: Borgnjor's Vile Clutch
 33471 | Snake:3  | Reached skill level 1 in Earth Magic
 33591 | Snake:3  | Found a frozen archway.
 33719 | IceCv    | Entered an ice cave
 34143 | IceCv    | Learned a level 6 spell: Death Channel
 34569 | IceCv    | Identified the Quarto of the Chill
 34651 | IceCv    | Reached XP level 17. HP: 51/163 MP: 17/33
 34990 | IceCv    | Identified the +1 ice dragon scales "Keleo" {rPois rF- rC++
                  | rCorr}
 35454 | Snake:3  | Found a shimmering altar of Xom.
 35806 | Snake:3  | Reached skill level 7 in Shields
 36177 | Snake:3  | Reached skill level 8 in Shields
 36509 | Snake:2  | Reached ***** piety under Ashenzari
 36765 | Snake:4  | Entered Level 4 of the Snake Pit
 36830 | Snake:4  | Found a flickering gateway to a bazaar.
 36851 | Bazaar   | Entered a bazaar
 36851 | Bazaar   | Found Foumpek's Book Boutique.
 36851 | Bazaar   | Found Muiruf's Antique Weapon Boutique.
 36868 | Bazaar   | Found Ebym's Distillery.
 36892 | Bazaar   | Found Xaoteug's Antique Armour Shop.
 36900 | Bazaar   | Found Uddekas's General Store.
 36934 | Bazaar   | Bought a potion of curing for 33 gold pieces
 36934 | Bazaar   | Bought a potion of resistance for 110 gold pieces
 36934 | Bazaar   | Bought a potion of might for 44 gold pieces
 36934 | Bazaar   | Bought a potion of brilliance for 44 gold pieces
 36934 | Bazaar   | Bought a potion of curing for 33 gold pieces
 36948 | Bazaar   | Bought a wand of flame (11) for 84 gold pieces
 36948 | Bazaar   | Bought a scroll of immolation for 44 gold pieces
 37087 | Shoals:1 | Entered Level 1 of the Shoals
 37141 | Shoals:1 | Reached skill level 9 in Shields
 37428 | Shoals:1 | Reached skill level 10 in Shields
 37444 | Shoals:1 | Noticed a kraken
 37452 | Shoals:1 | Killed a kraken
 37506 | Shoals:1 | Learned a level 7 spell: Ozocubu's Refrigeration
 38059 | Shoals:1 | Noticed a titan
 38066 | Shoals:1 | Killed a titan
 38343 | Shoals:2 | Reached skill level 11 in Shields
 38473 | Shoals:2 | Identified a scroll of acquirement
 38495 | Shoals:2 | Acquired the +1 pair of gloves of Rimipt {rF+ rC+}
 38592 | Shoals:2 | Reached skill level 12 in Shields
 38653 | Shoals:2 | Reached skill level 10 in Ice Magic
 39280 | Shoals:3 | Reached XP level 18. HP: 137/173 MP: 24/35
 40248 | Shoals:4 | Entered Level 4 of the Shoals
 40306 | Shoals:4 | Paralysed by an air elemental for 1 turns
 40428 | Shoals:4 | Paralysed by an air elemental for 1 turns
 40487 | Shoals:4 | Paralysed by an air elemental for 1 turns
 40519 | Shoals:4 | Noticed Louise
 40529 | Shoals:4 | Killed Louise
 40653 | Shoals:4 | Noticed Nikola
 40660 | Shoals:4 | Killed Nikola
 40995 | Shoals:4 | Paralysed by an air elemental for 1 turns
 41153 | Shoals:4 | Paralysed by an air elemental for 1 turns
 41158 | Shoals:4 | Paralysed by an air elemental for 1 turns
 41216 | Shoals:4 | Paralysed by an air elemental for 1 turns
 41269 | Shoals:4 | Reached skill level 13 in Shields
 41645 | Shoals:4 | Got a barnacled rune of Zot
 41937 | Snake:4  | Noticed Kirke
 41941 | Snake:4  | Killed Kirke
 43523 | Snake:4  | Noticed Roxanne
 43557 | Snake:4  | Killed Roxanne
 43993 | Snake:4  | Reached skill level 14 in Shields
 43999 | Snake:4  | Reached XP level 19. HP: 168/179 MP: 8/35
 44119 | Snake:4  | Noticed Vashnia
 44146 | Snake:4  | Killed Vashnia
 44261 | Snake:4  | Got a serpentine rune of Zot
 44633 | Elf:1    | Entered Level 1 of the Elven Halls
 44635 | Elf:1    | Paralysed by an air elemental for 1 turns
 44775 | Elf:1    | Paralysed by an air elemental for 1 turns
 44836 | Elf:1    | Reached skill level 15 in Shields
 44968 | Elf:1    | Found Satisug's Weapon Shoppe.
 45134 | Elf:1    | Acquired 639 gold pieces
 45136 | Elf:1    | Acquired 702 gold pieces
 45138 | Elf:1    | Acquired 742 gold pieces
 45606 | Elf:1    | Identified the Parchment of Assembled Hurting
 45648 | Elf:1    | Reached skill level 16 in Shields
 45655 | Elf:1    | Acquired 818 gold pieces
 45658 | Elf:1    | Acquired the +8 double sword of Slow Death {flame, Stlth+}
 45724 | Elf:1    | Found Vuipris's General Store.
 45727 | Elf:1    | Found Ybofouh's Specific Store.
 45735 | Elf:1    | Bought a wand of acid (4) for 235 gold pieces
 45739 | Elf:1    | Bought a scroll of acquirement for 728 gold pieces
 45740 | Elf:1    | Acquired the +0 hat of Daffodils {rElec rF+ MP+9 Str+2}
 46912 | Elf:2    | Found Okoger's Armour Shop.
 47345 | Elf:2    | Found a runed translucent gate.
 47346 | Elf:2    | Found a runed translucent gate.
 47346 | Elf:2    | Found a runed translucent gate.
 47675 | Vaults:1 | Entered Level 1 of the Vaults
 47755 | Vaults:1 | Noticed Donald
 47768 | Vaults:1 | Killed Donald
 47937 | Vaults:1 | Reached skill level 17 in Shields
 48456 | Vaults:1 | Reached XP level 20. HP: 177/182 MP: 30/35
 48546 | Vaults:1 | Acquired 962 gold pieces
 48645 | Vaults:1 | Found a runed translucent gate.
 48645 | Vaults:1 | Found a runed translucent gate.
 48645 | Vaults:1 | Found a runed translucent gate.
 48647 | Vaults:1 | Noticed Konionua's ghost (adept KoEn)
 48883 | Vaults:1 | Reached skill level 18 in Shields
 49700 | Vaults:1 | Identified the +2 helmet of the Untouchables {rF+}
 50122 | Vaults:2 | Reached skill level 5 in Earth Magic
 50766 | Vaults:2 | Noticed Asterion
 50779 | Vaults:2 | Killed Asterion
 51187 | Vaults:2 | Identified the Guide on the Tundra and Battle Magic
 51664 | Vaults:3 | Reached skill level 15 in Ice Magic
 52157 | Vaults:3 | Found a staircase to the Crypt.
 52393 | Vaults:3 | Identified the +3 spear "Jelly's Funeral" {pain, rPois
                  | Will- rCorr}
 53113 | Vaults:4 | Reached XP level 21. HP: 201/201 MP: 38/39
 53121 | Vaults:4 | Reached skill level 15 in Fighting
 53275 | Vaults:4 | Noticed Zenata
 53284 | Vaults:4 | Killed Zenata
 54453 | Depths:1 | Entered Level 1 of the Depths
 54529 | Depths:1 | Reached skill level 10 in Evocations
 54891 | Depths:1 | Found a one-way gateway to a ziggurat.
 54940 | Depths:1 | Found Sininye's Antique Armour Emporium.
 55111 | Depths:1 | Found Hishypt's Antique Weapon Boutique.
 55166 | Depths:1 | Reached skill level 10 in Spellcasting
 55203 | Depths:1 | Found a sacrificial altar of Ru.
 55328 | Depths:1 | Found Guvuog's Antique Armour Shop.
 55371 | Depths:1 | Found Wolaturi's Antique Weapon Emporium.
 55393 | Depths:1 | Found a gateway to Hell.
 55742 | Depths:1 | Reached skill level 1 in Transmutations
 56099 | Depths:2 | Noticed a caustic shrike
 56387 | Depths:1 | Found Wolaturi's Antique Weapon Emporium.
 56394 | Depths:1 | Found Guvuog's Antique Armour Shop.
 56407 | Depths:1 | Found a one-way gateway to a ziggurat.
 56430 | Depths:1 | Found Hishypt's Antique Weapon Boutique.
 56444 | Depths:1 | Found Sininye's Antique Armour Emporium.
 56590 | Depths:1 | Found a sacrificial altar of Ru.
 57670 | Elf:3    | Entered Level 3 of the Elven Halls
 57740 | Elf:3    | Learned a level 5 spell: Yara's Violent Unravelling
 57803 | Elf:3    | Reached skill level 5 in Transmutations
 58948 | Elf:3    | Identified the ring "Cuff" {Wiz rC- Int+5 Dex+5}
 59252 | Elf:3    | Reached XP level 22. HP: 201/213 MP: 30/42
 59287 | Elf:3    | Identified the +1 ring mail of the Thirsty Tables {Harm
                  | Rampage Drain Slay+6}
 59287 | Elf:3    | Identified the ring "Rasked" {rElec rF+}
 59295 | Elf:3    | Identified the +1 ring mail "Lotikoat" {Int+5}
 59644 | Elf:3    | Identified the Papyrus of Distance and the Cemetery
 59649 | Elf:3    | Identified the amulet of Medd {Acrobat +Blink rCorr Str+5}
 59649 | Elf:3    | Identified Qeaman's Notes on the Comitatus
 59649 | Elf:3    | Found the +6 lightning scales {swift, rElec}
 59649 | Elf:3    | Identified the +4 hand crossbow of Hotius {heavy, rCorr
                  | MP+9}
 59776 | Elf:3    | Learned a level 2 spell: Blink
 60289 | Depths:2 | Reached skill level 1 in Translocations
 60751 | Depths:3 | Found Pieheask's Distillery.
 60781 | Depths:3 | Found a one-way gate to the infinite horrors of the Abyss.
 61188 | Depths:2 | Killed a caustic shrike
 61803 | Depths:2 | Reached skill level 15 in Dodging
 62303 | Depths:2 | Found a one-way gate leading to the halls of Pandemonium.
 63230 | Depths:3 | Reached ****** piety under Ashenzari
 63287 | Depths:3 | Reached skill level 19 in Shields
 63544 | Depths:3 | Found a glowing golden altar of the Shining One.
 63651 | Depths:3 | Bought a potion of magic for 160 gold pieces
 63661 | Depths:4 | Entered Level 4 of the Depths
 63683 | Depths:4 | Noticed a juggernaut
 64041 | Depths:4 | Noticed Grunn
 64050 | Depths:4 | Killed Grunn
 64117 | Depths:4 | Reached XP level 23. HP: 180/227 MP: 43/43
 64803 | Depths:4 | Noticed Vv
 64828 | Depths:4 | Killed Vv
 65503 | Depths:4 | Found a gate to the Realm of Zot.
 65750 | Depths:4 | Upgraded the game from 0.30-a0-760-g5a9884bb7c to
                  | 0.30-a0-772-g5528072125
 65813 | Depths:3 | Voluntarily entered the Abyss.
 66021 | Abyss:2  | Found a corrupted altar of Lugonu.
 66061 | Abyss:2  | Found a corrupted altar of Lugonu.
 66194 | Abyss:3  | Found an ancient bone altar of Kikubaaqudgha.
 66239 | Abyss:3  | Noticed an ancient lich
 66247 | Abyss:3  | Killed an ancient lich
 66368 | Abyss:3  | Gained mutation: Potions are less effective at restoring
                  | your health. [a neqoxec]
 66536 | Abyss:3  | Got an abyssal rune of Zot
 66713 | Abyss:3  | Found a corrupted altar of Lugonu.
 66763 | Abyss:3  | Paralysed by accursed screaming for 1 turns
 66819 | Depths:3 | Escaped the Abyss
 67361 | Snake:2  | Bought a potion of might for 60 gold pieces
 67361 | Snake:2  | Bought a potion of haste for 150 gold pieces
 67361 | Snake:2  | Bought 2 potions of haste for 300 gold pieces
 67361 | Snake:2  | Bought a potion of curing for 45 gold pieces
 67361 | Snake:2  | Bought a potion of curing for 45 gold pieces
 67361 | Snake:2  | Bought a potion of curing for 45 gold pieces
 67515 | Orc:2    | Bought a scroll of blinking for 105 gold pieces
 67515 | Orc:2    | Bought a scroll of teleportation for 42 gold pieces
 67698 | D:6      | Bought a wand of digging (11) for 693 gold pieces
 67698 | D:6      | Bought a wand of roots (18) for 648 gold pieces
 67698 | D:6      | Bought a wand of digging (11) for 693 gold pieces
 68041 | Crypt:1  | Entered Level 1 of the Crypt
 68084 | Crypt:1  | Acquired Ozocubu's Autobiography
 68090 | Crypt:1  | Learned a level 3 spell: Ozocubu's Armour
 68104 | Crypt:1  | Reached skill level 5 in Throwing
 68114 | Crypt:1  | Identified Hiaxkere's Exposition on Reconstruction
 68550 | Depths:3 | Bought a potion of curing for 60 gold pieces
 68550 | Depths:3 | Bought a potion of mutation for 160 gold pieces
 68550 | Depths:3 | Bought a potion of curing for 60 gold pieces
 68550 | Depths:3 | Bought a potion of berserk rage for 100 gold pieces
 69837 | Zot:1    | Entered Level 1 of the Realm of Zot
 70981 | Zot:5    | Entered Level 5 of the Realm of Zot
 71409 | Zot:5    | Noticed a curse toe
 71413 | Zot:5    | Killed a curse toe
 71429 | Zot:5    | Identified the cursed +2 cloak of Ashenzari's Paranoia
                  | {Will+, Bglg, Self} (You found it on level 3 of the
                  | Dungeon)
 71429 | Zot:5    | Identified the cursed +2 pair of boots of Ashenzari's Sun
                  | {Fly, Evo, Elem} (You found it in a bailey)
 71601 | Zot:5    | Reached XP level 24. HP: 210/238 MP: 16/45
 72366 | Zot:5    | Noticed a dread lich
 72379 | Zot:5    | Killed a dread lich
 72545 | Zot:5    | Identified the +1 great sword "Undertaker" {pain, Fly rPois
                  | rF- rN+++}
 72581 | Zot:5    | Noticed an orb of fire
 72619 | Zot:5    | Gained mutation: Your body sometimes deteriorates upon
                  | taking damage. [an orb of fire]
 72622 | Zot:5    | Killed an orb of fire
 72753 | Zot:5    | Noticed an orb of fire
 72767 | Zot:5    | Killed an orb of fire
 72794 | Zot:5    | Noticed an orb of fire
 72795 | Zot:5    | Noticed a Killer Klown
 72803 | Zot:5    | Gained mutation: Your body often deteriorates upon taking
                  | damage. [an orb of fire]
 72808 | Zot:5    | Gained mutation: You occasionally lose the ability to read
                  | scrolls when taking damage. [an orb of fire]
 72814 | Zot:5    | Gained mutation: You are dopey. (Int -2) [an orb of fire]
 72817 | Zot:5    | Killed an orb of fire
 72820 | Zot:5    | Killed a Killer Klown
 72821 | Zot:5    | Reached skill level 20 in Shields
 72899 | Zot:5    | Lost mutation: You occasionally lose the ability to read
                  | scrolls when taking damage. [potion of mutation]
 72899 | Zot:5    | Lost mutation: Potions are less effective at restoring your
                  | health. [potion of mutation]
 72899 | Zot:5    | Lost mutation: You are dopey. (Int -2) [potion of mutation]
 72899 | Zot:5    | Gained mutation: You are clumsy. (Dex -2) [potion of
                  | mutation]
 72899 | Zot:5    | Lost mutation: You are clumsy. (Dex -2) [potion of
                  | mutation]
 73072 | Zot:5    | Noticed a dread lich
 73081 | Zot:5    | Killed a dread lich
 73521 | Zot:5    | Got the Orb of Zot
 74200 | D:9      | Noticed Opyexoos the pandemonium lord
 74389 | D:$      | Escaped with the Orb!

Illustrated notes

Levels and vault maps discovered:
D:1:      minmay_arrival_nine_rooms, layout_loops_ring
D:2:      minmay_wonky_spiral, layout_loops_corners
D:3:      layout_rooms, cheibrodos_ashenzari_chains, kiku_gazebo_pond_becter,
          nicolae_overflow_hidden_temple
D:4:      layout_basic, grunt_decor_fettered, uniq_sigmund
D:5:      layout_rooms, minmay_temple_entry_wispy
D:6:      layout_rooms, nicolae_shop_overcharged_wands
D:7:      layout_basic, mainiacjoe_overflow_concentric_impassable,
          lemuel_flame_loot_1, uniq_joseph
D:8:      layout_basic, lemuel_tele_altar, gammafunk_temple_overflow_forgotten,
          enter_bailey_8
D:9:      layout_long_grid, chequers_serial_rivers_marsh, hangedman_minor_magic
D:10:     layout_cross, pdpol_wu_jian_five_deadly_venoms,
          due_lair_maze_entry_diamond, chequers_avenue
D:11:     layout_long_grid, hiddenorc1_lemuel
D:12:     minmay_blocky_corners, layout_rooms, minmay_more_statues
D:13:     layout_loops_ring, ebering_dispersal_statue_hall
D:14:     layout_rooms, hangedman_vaults_entry_quadrant_bands,
          doesnt_xom_only_xom, serial_shops, nicolae_shop_advertising_works
          [nicolae_subvault_shop_adworks], shop, shop, shop
D:15:     grunt_enter_depths_hoard, layout_rooms, serial_shops,
          nicolae_shop_hallway_plus, nicolae_sextant
Temple:   minmay_temple_bridge_abc
Lair:1:   layout_roguey [special_room_bee], infiniplex_staircase_pool_2
Lair:2:   layout_regular_city, elwin_shoals_entry_rooms, grunt_megastairs_5
Lair:3:   layout_gridlike, dummy_snake_entry, ebering_ghost_rock_garden
Lair:4:   layout_loops_ring, minmay_slime_entry_oklob_open
Lair:5:   cheibrodos_lair_end_hotspot, layout_loops_ring
Shoals:1: cheibrodos_shoals_gigantism, layout_shoals,
          nicolae_shoals_undead_eyrie
Shoals:2: layout_shoals
Shoals:3: cheibrodos_shoals_three_sisters, layout_shoals
Shoals:4: shoals_end_hellmonk_storm_palace [storm_palace_center_circular,
          storm_palace_corner_pillars, storm_palace_corner_reverse_hut,
          storm_palace_corner_pillars, storm_palace_corner_grid], uniq_nikola,
          uniq_louise
Snake:1:  layout_misc_corridors
Snake:2:  cheibrodos_snake_lava_hold, layout_onion_interference,
          minmay_shoptagon, lemuel_fruit_tree
Snake:3:  layout_gridlike, portal_ice_cave_entry_dragon, basic_altar
Snake:4:  johnstein_snake_rune_scales, layout_gridlike, serial_shops,
          bzr_in_the_mist, uniq_roxanne, uniq_kirke
Orc:1:    layout_caves
Orc:2:    st_orc_town, layout_diamond_mine, serial_shops, nicolae_shop_trees,
          basic_altar, mines2_lemuel, uniq_jorgrun
Elf:1:    eino_elf_arrival_shootout, layout_geoelf_diagonals, serial_shops,
          nicolae_shop_bloodbath_and_beyond, minmay_elf_sorcery,
          dreamdust_wishing_well, nicolae_specific_store, st_stairs_11,
          billiards_dpeg
Elf:2:    nicolae_elf_blades_crystal_corner, layout_loops_corners, serial_shops,
          nicolae_shop_crystal
Elf:3:    elf_hall_gauntlet_wide, layout_geoelf_grid, minivault_23,
          item_on_display_a, grunt_megastairs_2
Vaults:1: gammafunk_ghost_tricky_traps, vaults_room_grunt_arrival_ludios,
          v_rooms_1, v_alt_pattern_2, nicolae_vaults_network_periphery,
          vaults_dpeg_doors, nicolae_vaults_big_ls, v_misc_1,
          nicolae_vaults_octagons, grunt_vaults_diagonal,
          ontoclasm_vaults_bender, layout_vaults_maze, uniq_donald
Vaults:2: v_alt_pattern_6, st_hourglassy, ontoclasm_vaults_tryst, v_misc_31,
          nicolae_vaults_puzzle_piece, hangedman_vaults_impose, v_misc_2,
          nicolae_vaults_alarming, v_misc_13, layout_vaults_ring, uniq_asterion
Vaults:3: grunt_vaults_focal, nicolae_vaults_network_quinsquares
          [nicolae_vaults_network_quincunx_subvault,
          nicolae_vaults_network_quincunx_subvault,
          nicolae_vaults_network_quincunx_subvault,
          nicolae_vaults_network_quincunx_subvault], grunt_vaults_twisty,
          hangedman_vaults_hat, minmay_crypt_entry_simple_sparse,
          hangedman_vaults_maws, st_cross, vaults_room_fours,
          ontoclasm_vaults_eye, vaults_room_hallway, vaults_room_pools,
          layout_vaults_omnicross
Vaults:4: v_misc_2, nicolae_vaults_what_the_h, nicolae_vaults_angled_halls,
          ontoclasm_vaults_ring_small, layout_vaults_quadrants, uniq_zenata
Crypt:1:  layout_misc_corridors, uniq_frederick, uniq_jory
Depths:1: layout_gridville, enter_ziggurat_e, serial_shops, shop, shop, shop,
          shop_fountains, nicolae_ru_sacrificial_ziggurat,
          serial_co_window_serial, co_window_paths_a, co_window_corner_a,
          co_window_of_opportunity_a, co_window_paths_a, co_window_paths_a,
          co_window_of_opportunity_b, co_window_broadway_b,
          co_window_broadway_a, co_window_corner_b, co_window_4corner_a,
          glass_columns_b, glass_columns_a, glass_columns_c, glass_columns_a,
          hell_entry, grunt_tough_drop
Depths:2: kennysheep_windowed_halls, layout_basic, minmay_room_of_horrors,
          rand_demon_pan_entry_9, hell_entry, evilmike_ambush
          [evilmike_ambush_outer_doors, evilmike_ambush_inner_pond],
          minmay_staircase_bubble
Depths:3: nicolae_cairo_tiling_very_big, layout_gridlike, serial_shops, shop,
          serial_sigils_hangedman_etch, grunt_metal_band, abyss_entry_crystal,
          tso_metal_star
Depths:4: evilmike_zot_entry_gauntlet, layout_gridville, hell_entry,
          minmay_door_square, grunt_megastairs_3, serial_bayou_shore_b,
          serial_bayou_shore_b, uniq_grunn, uniq_vv
Zot:1:    hangedman_orp_of_zott, layout_cathedral_of_symmetry,
          grunt_ministairs_9, st_stairs_3
Zot:2:    layout_basic, serial_nicolae_subway, nicolae_sub_station_metal,
          nicolae_sub_station_stone, nicolae_sub_station_crystal,
          grunt_megastairs_4
Zot:3:    layout_twisted_circle
Zot:4:    layout_gridville, uniq_tiamat
Zot:5:    layout_misc_corridors, grunt_ministairs_10, lemuel_golem_globe

Skill      XL: |  1  2  3  4  5  6  7  8  9 10 11 12 13 14 15 16 17 18 19 20 21 22 23 24 |
---------------+-------------------------------------------------------------------------+-----
Conjurations   | 5 7 8 9 |  9.3
Fighting       | 2 3 5 7 10 12 14 15 17 18 19 | 19.1
Long Blades    | 1 2 7 8 11 13 | 13.3
Hexes          | 1 3 4 5 |  5.7
Spellcasting   | 3 4 6 9 10 12 13 | 13.8
Ice Magic      | 2 3 5 7 8 9 10 12 15 | 15.8
Evocations     | 2 5 6 7 8 9 10 11 12 | 12.9
Dodging        | 2 4 5 7 9 10 11 13 15 | 15.8
Ranged Weapons | 2 3 |  3.0
Air Magic      | 1 4 5 |  5.4
Poison Magic   | 1 2 |  2.0
Short Blades   | 3 4 |  4.4
Stealth        | 2 4 |  4.0
Throwing       | 1 7 |  7.0
Summonings     | 2 |  2.6
Necromancy     | 7 8 9 |  9.0
Shields        | 6 12 14 17 18 19 20 | 20.4
Earth Magic    | 3 6 9 |  9.0
Transmutations | 7 |  7.0
Translocations | 1 |  1.4

Action                     |  1- 3 |  4- 6 |  7- 9 | 10-12 | 13-15 | 16-18 | 19-21 | 22-24 || total
---------------------------+-------+-------+-------+-------+-------+-------+-------+-------++-------
  Melee: Short sword       |    22 |    30 |    15 |       |       |       |       |       ||    67
         Tailslap          |     2 |     3 |     3 |     6 |    39 |    89 |   161 |   206 ||   509
         Unarmed           |     1 |       |       |       |       |       |       |       ||     1
         Long sword        |     3 |     9 |       |    15 |   183 |   375 |    73 |       ||   658
         Eveningstar       |       |       |     2 |    18 |       |       |       |       ||    20
         Dagger            |       |       |       |    29 |    26 |    11 |       |       ||    66
         Punch             |       |       |       |     1 |     2 |     1 |       |       ||     4
         Double sword      |       |       |       |       |       |       |   629 |   865 ||  1494
   Fire: Shortbow          |       |       |    77 |   178 |   198 |     6 |       |       ||   459
  Throw: Stone             |       |    11 |    13 |     5 |       |       |       |       ||    29
         Dart              |       |       |       |     2 |       |       |       |       ||     2
         Boomerang         |       |       |       |       |       |    11 |    10 |    24 ||    45
         Javelin           |       |       |       |       |       |       |     1 |     5 ||     6
   Cast: Magic Dart        |    24 |     1 |     2 |       |     1 |       |       |       ||    28
         Searing Ray       |    24 |    57 |    48 |    38 |    24 |    10 |     6 |    24 ||   231
         Fulminant Prism   |       |       |    22 |     3 |    10 |    11 |       |     3 ||    49
         Frozen Ramparts   |       |       |    28 |    24 |    19 |     6 |     3 |    29 ||   109
         Freezing Cloud    |       |       |       |   105 |   166 |   169 |   122 |   102 ||   664
         Summon Ice Beast  |       |       |       |    24 |    86 |     6 |    18 |     6 ||   140
         Mephitic Cloud    |       |       |       |     1 |     1 |       |       |       ||     2
         Tukima's Dance    |       |       |       |       |     1 |       |       |       ||     1
         Simulacrum        |       |       |       |       |    18 |   190 |   220 |   172 ||   600
         Borgnjor's Vile C |       |       |       |       |       |    43 |    76 |    82 ||   201
         Death Channel     |       |       |       |       |       |    26 |       |       ||    26
         Ozocubu's Refrige |       |       |       |       |       |    17 |     9 |    19 ||    45
         Yara's Violent Un |       |       |       |       |       |       |     2 |       ||     2
         Ozocubu's Armour  |       |       |       |       |       |       |       |     1 ||     1
 Invoke: Curse Item        |       |       |     5 |     1 |     1 |     2 |     4 |     1 ||    14
         Shatter the Chain |       |       |       |     1 |       |     2 |     2 |       ||     5
  Evoke: Wand              |       |       |       |     1 |     4 |    12 |     2 |    52 ||    71
         Condenser vane    |       |       |       |       |     2 |     1 |     2 |     3 ||     8
         Phantom mirror    |       |       |       |       |       |     1 |     4 |     5 ||    10
         Phial of floods   |       |       |       |       |       |       |     1 |     1 ||     2
         Box of beasts     |       |       |       |       |       |       |       |     2 ||     2
         Lightning rod     |       |       |       |       |       |       |       |     2 ||     2
    Use: Scroll            |       |     7 |     2 |       |       |    11 |    10 |    13 ||    43
         Potion            |       |       |       |     1 |       |     1 |       |    21 ||    23
   Stab: Sleeping          |       |     1 |     1 |     1 |     1 |     3 |     3 |     9 ||    19
         Distracted        |       |       |       |     1 |     4 |    11 |     6 |     5 ||    27
         Confused          |       |       |       |       |     1 |       |       |       ||     1
 Armour: Skin              |     5 |    22 |    35 |    51 |   128 |   155 |   106 |   199 ||   701
  Dodge: Dodged            |    21 |    24 |    45 |    78 |   188 |   249 |   169 |   369 ||  1143
  Block: Other             |       |       |    15 |     4 |       |       |       |       ||    19
         Reflection        |       |       |     8 |       |       |       |       |       ||     8
         Buckler           |       |       |       |       |       |    27 |       |       ||    27
         Kite shield       |       |       |       |       |       |   133 |       |       ||   133
         Tower shield      |       |       |       |       |       |    22 |   810 |  1163 ||  1995

Table legend: (Time is in decaauts)
 A = Elapsed time spent in this place.
 B = Non-inter-level travel time spent in this place.
 C = Inter-level travel time spent in this place.
 D = Time resting spent in this place.
 E = Time spent auto-exploring this place.
 F = Levels seen in this place.
 G = Mean time per level.
                   A        B        C        D        E       F      G
               +--------+--------+--------+--------+--------+-----+--------+
         Total |  77757 |  63029 |  14728 |  18894 |  31221 |  54 | 1439.9 |
       Dungeon |  22351 |  16957 |   5394 |   6321 |   7818 |  15 | 1490.1 |
        Temple |    140 |    139 |      1 |    136 |      0 |   1 |  140.0 |
          Lair |   7430 |   6006 |   1424 |   1820 |   3267 |   5 | 1486.0 |
        Shoals |   5434 |   3910 |   1524 |    870 |   2028 |   4 | 1358.5 |
     Snake Pit |   8194 |   6760 |   1434 |   2207 |   3185 |   4 | 2048.5 |
  Orcish Mines |   2969 |   2200 |    769 |    527 |   1238 |   2 | 1484.5 |
   Elven Halls |   5628 |   4767 |    861 |   1349 |   2306 |   3 | 1876.0 |
        Vaults |   7500 |   6762 |    738 |    599 |   5021 |   4 | 1875.0 |
         Crypt |    215 |    179 |     36 |     34 |     55 |   1 |  215.0 |
        Depths |  11147 |   9538 |   1609 |   2689 |   5384 |   4 | 2786.8 |
           Zot |   2961 |   2029 |    932 |   1005 |    178 |   5 |  592.2 |
         Abyss |    963 |    963 |      0 |     88 |      0 |   3 |  321.0 |
        Bazaar |    103 |    103 |      0 |      0 |     64 |   1 |  103.0 |
        Bailey |   1065 |   1065 |      0 |    612 |     79 |   1 | 1065.0 |
      Ice Cave |   1651 |   1651 |      0 |    633 |    594 |   1 | 1651.0 |
               +--------+--------+--------+--------+--------+-----+--------+

Top non-repeatable levels by time:
Depths:1: 3470 daAuts
Depths:4: 3385 daAuts
Depths:2: 2804 daAuts
Vaults:1: 2535 daAuts
   Elf:3: 2415 daAuts
 Snake:4: 2342 daAuts
   Zot:5: 2246 daAuts
 Snake:1: 2242 daAuts
    D:11: 2145 daAuts
 Snake:3: 2129 daAuts
    D:13: 2072 daAuts
   Elf:1: 2068 daAuts
Vaults:2: 2030 daAuts
   Orc:2: 2017 daAuts
    D:14: 1971 daAuts
